AoeStats
← handsomelawrence

Arabia

510191059Analyzed
1v1 RM · 15h ago on Sep 29, 2026· 30m 38s· 2 players
Game mode
Random Map
Map size
Tiny (2 player)
Population
200
Speed
Normal
Resources
Standard
Victory
Conquest
Starting age
Dark Age
Ending age
Imperial Age
RankedLock teamsTeams togetherTeam positionsShared explorationLock speedFull tech treeHidden civsTurbo modeCheats
Victory
Defeat
🇧🇷 Japanese · Brazil
1372
+17
🇹🇼 Aztecs · Taiwan
1393
-17
jesseytf
10:12 Loom
12:04 Feudal Age
12:23 Man-at-Arms
14:42 Double-Bit Axe
15:49 Scale Mail Armor
27:10 Castle Age
26:06 Arson
28:15 Fletching
28:15 Gambesons
28:42 Long Swordsman
30:56 Chain Mail Armor
handsomelawrence
5:49 Loom
5:53 Loom
9:02 Feudal Age
9:47 Double-Bit Axe
11:45 Wheelbarrow
16:54 Fletching
19:46 Town Watch
25:47 Castle Age
24:22 Gold Mining
25:16 Horse Collar
27:09 Bow Saw
28:14 Crossbowman
29:16 Town Patrol
Connection lost

Rejoining the realm…

Still unreachable

The connection could not be restored.

Session expired

The server has moved on; the page needs a fresh start.